 Dungeon Crawl Stone Soup version 0.30-a0-632-g346586fe48 (webtiles) character file.

Game seed: 3645841097766758644

43 Armakuni the Trooper (level 3, 0/30 HPs)
             Began as a Human Reaver on Jan 13, 2023.
             Slain by a goblin
             ... wielding a +0 club
             ... led by Robin
              (5 damage)
             ... on level 3 of the Dungeon.
             The game lasted 00:04:36 (1762 turns).

Armakuni the Trooper (Human Reaver)                 Turns: 1762, Time: 00:04:36

Health: 0/30       AC:  3    Str: 12    XL:     3   Next: 82%
Magic:  6/6        EV: 11    Int: 15    God:
Gold:   68         SH:  0    Dex: 11    Spells: 6/6 levels left

rFire   . . .      SeeInvis .    a - +1 mace (venom)
rCold   . . .      Faith    .    (no shield)
rNeg    . . .      Spirit   .    f - +0 leather armour
rPois   .          Reflect  .    g - +0 hat
rElec   .          Harm     .    (no cloak)
rCorr   .          Rampage  .    (no gloves)
Will    .....                    (no boots)
Stlth   +                        (no amulet)
HPRegen 0.25/turn                (no ring)
MPRegen 0.10/turn                (no ring)

@: about to teleport
A: no striking features
a: no special abilities


You were on level 3 of the Dungeon.
You visited 1 branch of the dungeon, and saw 3 of its levels.

You collected 68 gold pieces.

Inventory:

Hand Weapons
 a - a +1 mace of venom (weapon)
Armour
 f - a +0 leather armour (worn)
 g - a +0 hat (worn)
Jewellery
 b - a ring of flight
 J - a ring of ice
Scrolls
 c - a scroll of teleportation
 e - 2 scrolls of fog
Potions
 h - a potion of brilliance
 i - a potion of curing {unknown}
 k - a potion of invisibility {unknown}
 l - a potion of resistance {unknown}
 m - a potion of cancellation {unknown}
 M - 3 potions of mutation


   Skills:
 + Level 3.8 Fighting
 - Level 3.0 Maces & Flails
 - Level 2.0 Dodging
 - Level 2.0 Spellcasting
 - Level 3.0 Conjurations


You had 6 spell levels left.
You didn't know any spells.
Your spell library contained the following spells:

 Spells                   Type           Power      Damage    Failure   Level
 Kiss of Death            Conj/Necr      24%        2d7       16%         1
 Momentum Strike          Conj/Tloc      12%        3d8       22%         2
 Sandblast                Erth           2%         2d4       28%         1
 Sting                    Tmut/Pois      4%         1d3       28%         1
 Passwall                 Tmut/Erth      0%         N/A       38%         2
 Poisonous Vapours        Pois/Air       2%         N/A       38%         2
 Hailstorm                Conj/Ice       6%         3d4       41%         3
 Stone Arrow              Conj/Erth      12%        3d7       41%         3
 Olgreb's Toxic Radiance  Pois           1%         N/A       95%         4


Dungeon Overview and Level Annotations

Branches:
Dungeon (3/15)

Altars:

Annotations:
D:3 Robin


Message History

A goblin comes into view. It is wielding a +0 club.
A hobgoblin comes into view.
The goblin moves out of view.
Robin of the Strong Arm comes into view.
They are wielding a +0 mace.
Robin shouts!
The goblin shouts!
A hobgoblin comes into view.
A goblin comes into view. It is wielding a +0 dagger.
The endoplasm freezes you.
You are frozen.
The goblin unwields a +0 club.
The goblin wields a +0 sling.
The goblin shoots a sling bullet.
The sling bullet misses you.
The hobgoblin shouts!
The goblin shouts!
You hit the endoplasm but do no damage.
Robin roars a battlecry!
The goblins go into a battle-frenzy!
The endoplasm freezes you.
You are frozen.
A goblin comes into view. It is wielding a +0 dagger.
You hear a shout! x2
The goblin shouts!
You hit the endoplasm.
The endoplasm is heavily wounded.
A hobgoblin comes into view.
The endoplasm freezes you.
You are frozen.
A hobgoblin comes into view.
The goblin shoots a sling bullet.
The sling bullet barely misses you. The endoplasm freezes you.
You are frozen.
You hear a shout!
You hit the endoplasm.
You kill the endoplasm!
The goblin hits you with a +0 club. The goblin attacks as you move away!
The goblin hits you with a +0 club.
* * * LOW HITPOINT WARNING * * *
As you read the scroll of teleportation, it crumbles to dust.
You feel strangely unstable. The goblin hits you with a +0 club.
* * * LOW HITPOINT WARNING * * *
Okay, then.
The goblin attacks as you move away! The goblin hits you with a +0 club.
You die...

##............#####
#######..###.....#
#...######..# . ##..#
) .. #..# g. #..#
##.#.. #####..####
#.gg.
#..........#####..#
.............@gg.#
.............#g.##
.............##....
.............#####...
.............# .).
.............# ##
............#
............


You could see 2 hobgoblins and 3 goblins.

Vanquished Creatures
  2 dart slugs (D:1)
  3 ball pythons
  4 endoplasms
  A giant cockroach (D:2)
  4 goblins
  5 hobgoblins
  3 jackals (D:1)
  2 quokkas
  2 bats (D:1)
  4 frilled lizards (D:1)
  4 kobolds
  2 rats
36 creatures vanquished.

Notes
Turn   | Place    | Note
-------+----------+-------------------------------------------
     0 | D:1      | Armakuni the Human Reaver began the quest for the Orb.
     0 | D:1      | Reached XP level 1. HP: 16/16 MP: 3/3
   108 | D:1      | Reached XP level 2. HP: 23/23 MP: 5/5
   325 | D:1      | Reached XP level 3. HP: 26/29 MP: 6/6
  1755 | D:3      | Noticed Robin
  1762 | D:3      | Slain by a goblin

Illustrated notes

Levels and vault maps discovered:
D:1:      saegor_arrival_under_anarchy, layout_basic, minivault_24
D:2:      layout_basic
D:3:      layout_rooms, uniq_robin, uniq_grinder

Skill      XL: |  1  2 |
---------------+-------+-----
Fighting       | 3 |  3.8
Maces & Flails | |  3.0
Dodging        | |  2.0
Spellcasting   | |  2.0
Conjurations   | |  3.0

Action                   || total
-------------------------++-------
Melee: Mace              ||    93
       Punch             ||     1
  Use: Scroll            ||     8
Armor: Leather armour    ||    23
Dodge: Dodged            ||    55

Table legend: (Time is in decaauts)
 A = Elapsed time spent in this place.
 B = Non-inter-level travel time spent in this place.
 C = Inter-level travel time spent in this place.
 D = Time resting spent in this place.
 E = Time spent auto-exploring this place.
 F = Levels seen in this place.
 G = Mean time per level.
                   A        B        C        D        E       F      G
               +--------+--------+--------+--------+--------+-----+--------+
         Total |   1784 |   1750 |     34 |      0 |   1345 |   3 |  594.7 |
       Dungeon |   1784 |   1750 |     34 |      0 |   1345 |   3 |  594.7 |
               +--------+--------+--------+--------+--------+-----+--------+

Top non-repeatable levels by time:
     D:1: 897 daAuts
     D:2: 756 daAuts
     D:3: 130 daAuts
